 Dungeon Crawl Stone Soup version 0.28.0-62-gf88900778d (webtiles) character file.

Game seed: 1269463296348129684

4929 cbfl8 the Spear-Bearer (level 10, -3/80 HPs)
             Began as a Merfolk Berserker on June 29, 2023.
             Was a Priest of Trog.
             Slain by a hornet (6 damage)
             ... on level 9 of the Dungeon.
             The game lasted 00:09:37 (12841 turns).

cbfl8 the Spear-Bearer (Merfolk Berserker)         Turns: 12841, Time: 00:09:38

Health: -3/80      AC: 17    Str: 17    XL:     10   Next: 52%
Magic:  10/10      EV: 10    Int:  6    God:    Trog [***...]
Gold:   295        SH:  0    Dex: 25    Spells: 9/9 levels left

rFire   . . .      SeeInvis .   A - +0 halberd
rCold   . . .      Faith    .   (shield currently unavailable)
rNeg    . . .      Spirit   .   o - +0 chain mail
rPois   .          Reflect  .   y - +2 helmet
rElec   .          Harm     .   (no cloak)
rCorr   .          Rampage  .   u - +0 pair of gloves
Will    .....                   q - +1 pair of boots
Stlth   ..........              x - amulet of the acrobat
HPRegen 0.23/turn               i - +6 ring of dexterity
MPRegen 0.12/turn               (no ring)

@: lethally poisoned (-3 -> -7), on berserk cooldown, slowed, very slow
A: (nimble swimmer 2), mertail
a: Renounce Religion, Berserk, Trog's Hand


You were on level 9 of the Dungeon.
You worshipped Trog.
Trog was most pleased with you.
You visited 1 branch of the dungeon, and saw 9 of its levels.

You collected 295 gold pieces.

Inventory:

Hand Weapons
 A - a +0 halberd (weapon)
Armour
 o - a +0 chain mail (worn)
 q - a +1 pair of boots (worn)
 u - a +0 pair of gloves (worn)
 y - a +2 helmet (worn)
Jewellery
 i - a +6 ring of dexterity (left hand)
 x - an amulet of the acrobat (around neck)
Wands
 f - a wand of digging (4)
 z - a wand of charming (3)
Scrolls
 b - a scroll of fog
 k - a scroll of blinking
 n - a scroll of enchant armour
 t - 4 scrolls of teleportation
 v - a scroll of holy word {unknown}
 w - a scroll of vulnerability {unknown}
Potions
 c - 3 potions of resistance {unknown}
 d - a potion of magic {unknown}
 e - 2 potions of cancellation
 g - 4 potions of curing
 h - 2 potions of flight {unknown}
 j - 7 potions of attraction {unknown}
 l - 2 potions of lignification {unknown}
 m - 4 potions of degeneration {unknown}
 p - a potion of brilliance {unknown}
 r - a potion of mutation {unknown}
 s - 2 potions of ambrosia {unknown}


   Skills:
 + Level 7.9 Fighting
 + Level 12.8 Polearms
 + Level 6.2 Armour
 + Level 4.7 Dodging
 + Level 1.8 Stealth
 * Level 6.1 Evocations


You had 9 spell levels left.
You didn't know any spells.
Your spell library was empty.

Dungeon Overview and Level Annotations

Branches:
Dungeon (9/15)             Temple (0/1) D:4
   Lair: D:8-11         Orc: D:9-12

Altars:
Wu Jian
Xom


Innate Abilities, Weirdness & Mutations

((You are very nimble when in or above water. (Stealth+, EV+, Speed+++)))
Your lower body shifts to a powerful aquatic tail in water.


Message History

The hornet misses you. The orc hits you but does no damage.
The hornet completely misses you.
Things that are here:
a +0 broad axe; a +0 plate armour; an orc corpse Unknown command.
You feel a strong urge to attack something.
You feel very sick. The orc closely misses you. The hornet closely misses you.
You barely miss the hornet.
The hornet is almost dead.
You feel very sick.
The hornet stings you but does no damage.
The orc closely misses you. The hornet barely misses you.
You closely miss the hornet.
The hornet is almost dead.
You feel sick. The orc barely misses you. The hornet stings you!
* * * LOW HITPOINT WARNING * * *
You feel as though you will be slow longer.
You miss the hornet.
The hornet is almost dead.
You feel sick.
The hornet stings you but does no damage.
The orc barely misses you.
You hit the hornet.
The hornet is almost dead.
You are no longer berserk.
You are exhausted.
You feel as though you will be slow longer.
You feel sick. The hornet stings you!
* * * LOW HITPOINT WARNING * * *
You feel as though you will be slow longer.
A two-headed ogre comes into view. It is wielding two +0 giant clubs.
The orc hits you with a +0 short sword.
* * * LOW HITPOINT WARNING * * *
Blink to where?
Press: ? - help, Dir - move target
As you read the scroll of blinking, it crumbles to dust.
* * * LOW HITPOINT WARNING * * *
You feel sick. The hornet stings you.
You die...

.§≈≈............
.≈§≈§§...........
≈§≈≈≈≈≈..........
.≈≈≈§§...........
..≈≈§....§.).....
...≈.....).......
.......o.........
........y........
......<@<.......#
#################


You could see a hornet and an orc.

Vanquished Creatures
  Pikel (D:6)
  Maggie (D:6)
  A kobold demonologist (D:8)
  Grinder (D:4)
  Sigmund (D:3)
  4 yaks (D:8)
  2 steam dragons (D:8)
  3 vampire mosquitoes (D:8)
  2 water moccasins
  Duvessa (D:4)
  2 orc warriors
  An ice beast (D:7)
  A sky beast (D:5)
  A centaur (D:8)
  A kobold brigand (D:7)
  3 ogres (D:6)
  Blork the orc (D:6)
  A scorpion (D:6)
  Dowan (D:4)
  4 killer bees (D:8)
  2 howler monkeys
  3 jellies
  A centaur zombie (D:6)
  4 hounds
  A bullfrog skeleton (D:5)
  A centaur skeleton (D:6)
  5 orc priests
  A gnoll shaman (D:8)
  An iguana (D:5)
  6 orc wizards
  A hound skeleton (D:5)
  7 gnolls
  8 adders
  A howler monkey skeleton (D:5)
  3 shadow imps
  A white imp (D:5)
  2 ufetubi (D:6)
  An adder skeleton (D:4)
  2 worms
  3 dart slugs
  23 orcs
  8 endoplasms
  2 giant cockroaches (D:3)
  4 goblins
  8 hobgoblins
  3 jackals (D:2)
  3 quokkas
  3 ball pythons
  4 bats
  6 frilled lizards
  13 kobolds
  A rat (D:2)
165 creatures vanquished.

Vanquished Creatures (others)
  An orc (D:7)
  46 plants (D:5)
47 creatures vanquished.

Grand Total: 212 creatures vanquished

Notes
Turn   | Place    | Note
-------+----------+-------------------------------------------
     0 | D:1      | cbfl8 the Merfolk Berserker began the quest for the Orb.
     0 | D:1      | Reached XP level 1. HP: 18/18 MP: 1/1
    94 | D:1      | Found a faded altar of an unknown god.
   444 | D:1      | Reached XP level 2. HP: 24/24 MP: 2/2
   840 | D:1      | Reached skill level 5 in Polearms
  1236 | D:2      | Reached skill level 1 in Evocations
  1236 | D:2      | Reached XP level 3. HP: 29/29 MP: 3/3
  1431 | D:2      | Reached ** piety under Trog
  1520 | D:2      | Found a shimmering altar of Xom.
  2136 | D:3      | Reached XP level 4. HP: 35/37 MP: 4/4
  2200 | D:3      | Noticed Sigmund
  2213 | D:3      | Killed Sigmund
  2214 | D:3      | Reached skill level 6 in Polearms
  2214 | D:3      | Reached XP level 5. HP: 18/42 MP: 5/5
  2548 | D:3      | Reached XP level 6. HP: 48/48 MP: 6/6
  2586 | D:3      | Reached skill level 7 in Polearms
  2947 | D:4      | Noticed Dowan
  2949 | D:4      | Noticed Grinder
  2950 | D:4      | Noticed Duvessa
  2957 | D:4      | Paralysed by Grinder for 5 turns
  2967 | D:4      | Killed Grinder
  2968 | D:4      | Reached XP level 7. HP: 21/54 MP: 7/7
  2972 | D:5      | Entered Level 5 of the Dungeon
  3236 | D:5      | Reached skill level 8 in Polearms
  3859 | D:5      | Reached skill level 1 in Stealth
  4658 | D:4      | Reached skill level 5 in Fighting
  5122 | D:4      | Reached XP level 8. HP: 62/62 MP: 8/8
  5130 | D:4      | Reached *** piety under Trog
  5864 | D:4      | Found a staircase to the Ecumenical Temple.
  5916 | D:4      | Killed Duvessa
  5917 | D:4      | Reached skill level 9 in Polearms
  5946 | D:4      | Killed Dowan
  7236 | D:6      | Noticed Pikel
  7259 | D:6      | Killed Pikel
  7260 | D:6      | Reached skill level 10 in Polearms
  7280 | D:6      | Reached XP level 9. HP: 28/69 MP: 9/9
  7567 | D:6      | Found an ornate altar of the Wu Jian Council.
  7595 | D:6      | Noticed Blork the orc
  7955 | D:6      | Killed Blork the orc
  8179 | D:6      | Reached skill level 5 in Evocations
  8259 | D:6      | Noticed Maggie
  8272 | D:6      | Killed Maggie
  8273 | D:6      | Reached skill level 11 in Polearms
  8521 | D:6      | Reached skill level 5 in Armour
  9619 | D:7      | Found Olyiczar's Distillery.
 11605 | D:8      | Reached skill level 12 in Polearms
 11610 | D:8      | Reached XP level 10. HP: 37/77 MP: 10/10
 12266 | D:8      | Noticed a kobold demonologist
 12273 | D:8      | Killed a kobold demonologist
 12840 | D:9      | Noticed a two-headed ogre
 12841 | D:9      | HP: 3/80 [poisoned by a hornet]
 12841 | D:9      | Slain by a hornet

Illustrated notes

Levels and vault maps discovered:
D:1:      dpeg_arrival_court, layout_basic,
          hellmonk_ecumenical_altar_pennies_from_heaven, chequers_jeans
D:2:      layout_basic, basic_altar
D:3:      layout_basic, uniq_sigmund
D:4:      layout_loops_ring, temple_pool_b, minmay_bisected, uniq_grinder,
          uniq_duvessa
D:5:      layout_layer_cave, eino_small_chamber_without_monster,
          serial_bayou_lagoon_a, kennysheep_windowed_goal
D:6:      layout_cave_pods, lemuel_round_altar, minmay_starry_boxes,
          uniq_blork_the_orc, uniq_maggie, uniq_pikel
D:7:      layout_basic, serial_shops, nicolae_lakefront_shop
D:8:      layout_gridville, nicolae_figureground_sparkle
D:9:      layout_big_octagon

Skill      XL: |  1  2  3  4  5  6  7  8  9 10 |
---------------+-------------------------------+-----
Polearms       | 5 6 7 8 10 12 | 12.8
Evocations     | 1 2 3 4 5 6 |  6.1
Fighting       | 4 5 6 7 |  7.9
Armour         | 2 3 4 5 6 |  6.2
Dodging        | 3 4 |  4.7
Stealth        | 1 |  1.8

Action                   |  1- 3 |  4- 6 |  7- 9 | 10-12 || total
-------------------------+-------+-------+-------+-------++-------
Melee: Spear             |   153 |    77 |   621 |    73 ||   924
       Punch             |     1 |       |    10 |     1 ||    12
       Halberd           |       |       |       |    74 ||    74
Invok: Berserk           |       |     2 |    13 |     4 ||    19
       Trog's Hand       |       |       |     1 |       ||     1
  Use: Scroll            |       |       |    10 |     1 ||    11
 Stab: Sleeping          |     2 |       |       |       ||     2
Armor: Scale mail        |    33 |    19 |    43 |       ||    95
       Chain mail        |       |       |   221 |    60 ||   281
Dodge: Dodged            |    55 |    27 |   206 |    72 ||   360
